 Dungeon Crawl Stone Soup version 0.26.1-11-gd32895ea62 (webtiles) character file.

Game seed: 6120927457717180641

9240 phalm the Thaumaturge (level 11, 0/86 HPs)
             Began as a Gnoll Warper on May 10, 2021.
             Was an Elder of Wu Jian.
             Slain by an unseen horror (10 damage)
             ... on level 9 of the Dungeon.
             The game lasted 00:36:05 (14476 turns).

phalm the Thaumaturge (Gnoll Warper)               Turns: 14476, Time: 00:36:06

Health: 0/86       AC: 13    Str: 16    XL:     11   Next: 43%
Magic:  23/23      EV: 17    Int: 15    God:    Wu Jian [****..]
Gold:   347        SH:  7    Dex: 16    Spells: 14/26 levels left

rFire    . . .     SeeInvis .   a - +0 long sword (vamp)
rCold    + . .     Faith    .   u - +1 buckler {reflect}
rNeg     + . .     Spirit   .   I - +4 Cigotuvi's embrace {rMiasma *Drain rN+}
rPois    .         Reflect  +   A - +0 helmet
rElec    .         Harm     .   P - +0 cloak
rCorr    .         Rampage  .   t - +0 pair of gloves
Will     +....                  B - +0 pair of boots
Stlth    +++.......             (no amulet)
HPRegen  0.24/turn              C - ring of protection from cold
MPRegen  0.18/turn              R - ring of willpower

@: no status effects
A: distributed training, fangs 1, strong nose
a: Renounce Religion, Wall Jump, Serpent's Lash


You were on level 9 of the Dungeon.
You worshipped Wu Jian.
Wu Jian was greatly pleased with you.
You visited 1 branch of the dungeon, and saw 10 of its levels.

You collected 623 gold pieces.
You spent 276 gold pieces at shops.


Innate Abilities, Weirdness & Mutations

Your experience applies equally to all skills.
You have very sharp teeth.
Your uncanny sense of smell can sniff out nearby items.


   Skills:
 + Level 7.9 Fighting
 + Level 6.3 Short Blades
 + Level 7.9 Long Blades
 + Level 6.3 Axes
 + Level 6.3 Maces & Flails
 + Level 6.3 Polearms
 + Level 6.3 Staves
 + Level 6.3 Slings
 + Level 6.3 Bows
 + Level 6.3 Crossbows
 + Level 6.8 Throwing
 + Level 6.8 Armour
 + Level 7.9 Dodging
 + Level 6.3 Stealth
 + Level 6.3 Shields
 + Level 6.3 Unarmed Combat
 + Level 8.1 Spellcasting
 + Level 5.2 Conjurations
 + Level 5.2 Hexes
 + Level 5.2 Summonings
 + Level 5.2 Necromancy
 + Level 7.6 Translocations
 + Level 5.2 Transmutations
 + Level 5.2 Fire Magic
 + Level 5.2 Ice Magic
 + Level 5.2 Air Magic
 + Level 5.2 Earth Magic
 + Level 5.2 Poison Magic
 + Level 6.9 Invocations
 + Level 6.3 Evocations


You had 14 spell levels left.
You knew the following spells:

 Your Spells              Type           Power        Failure   Level
g - Gell's Gravitas       Tloc           14%          1%          3
m - Mephitic Cloud        Conj/Pois/Air  21%          4%          3
u - Passage of Golubria   Tloc           N/A          6%          4
B - Blink                 Tloc           N/A          1%          2

Your spell library contained the following spells:

 Spells                   Type           Power        Failure   Level
 Magic Dart               Conj           84%          1%          1
 Lesser Beckoning         Tloc           14%          1%          3
 Teleport Other           Tloc           29%          1%          3
 Call Imp                 Summ           21%          2%          2
 Slow                     Hex            21%          2%          2
 Conjure Flame            Conj/Fire      21%          4%          3

Inventory:

Hand Weapons
 a - a +0 vampiric long sword (weapon)
   (You found it on level 8 of the Dungeon)
 b - a +0 hunting sling
   (You took it off Joseph on level 7 of the Dungeon)
Missiles
 g - 4 curare-tipped darts {=f}
 h - 72 sling bullets
 i - 10 boomerangs
 k - 2 throwing nets {=f!f}
 l - 39 bolts
 w - 234 arrows
 E - 5 boomerangs of dispersal {=f!f}
 K - 16 poisoned darts (quivered)
 S - 3 javelins
Armour
 t - a +0 pair of gloves (worn)
   (You found it on level 2 of the Dungeon)
 u - a +1 buckler of reflection (worn)
   (You found it on level 2 of the Dungeon)
 A - a +0 helmet (worn)
   (You found it on level 4 of the Dungeon)
 B - a +0 pair of boots (worn)
   (You found it on level 4 of the Dungeon)
 I - the +4 Cigotuvi's embrace (worn) {rMiasma *Drain rN+}
   (You bought it in a shop on level 8 of the Dungeon)

   It protects you from negative energy.
   It causes draining when unequipped.
 J - +0 acid dragon scales
   (You took it off Maggie on level 6 of the Dungeon)
 P - a +0 cloak (worn)
   (You found it on level 6 of the Dungeon)
Jewellery
 c - an uncursed ring of protection from cold
   (You found it on level 2 of the Dungeon)
 e - a +4 ring of evasion
   (You found it on level 5 of the Dungeon)
 C - a ring of protection from cold (left hand)
   (You found it on level 1 of the Dungeon)
 R - a ring of willpower (right hand)
   (You found it on level 9 of the Dungeon)
 Z - an uncursed ring of wizardry
   (You took it off an orc priest on level 6 of the Dungeon)
Wands
 D - a wand of random effects (24)
   (You took it off Edmund on level 6 of the Dungeon)
 T - a wand of digging (7)
   (You found it on level 8 of the Dungeon)
 V - a wand of paralysis (8)
   (You found it on level 7 of the Dungeon)
Scrolls
 d - a scroll of blinking {!r}
 j - 4 scrolls of remove curse {@r2}
 n - 2 scrolls of fog
 o - 2 scrolls of magic mapping {!r}
 p - a scroll of enchant weapon
 q - 5 scrolls of teleportation {@r4}
 s - a scroll of silence {!r}
 v - 4 scrolls of immolation {!r!r}
 y - 2 scrolls of enchant armour {unknown}
 G - a scroll of random uselessness {unknown}
 U - 2 scrolls of amnesia {unknown}
 W - a scroll of summoning {unknown}
Potions
 f - 5 potions of ambrosia
 r - a potion of flight {unknown}
 z - 2 potions of brilliance
 H - 2 potions of magic
 L - a potion of cancellation
 M - a potion of resistance {unknown}
 N - a potion of haste {unknown}
 O - a potion of attraction {unknown}
 Q - 2 potions of lignification {!q}
 X - a potion of might
 Y - 2 potions of curing {@q1}

Dungeon Overview and Level Annotations

Branches:
Dungeon (10/15)            Temple (0/1) D:5            Lair (0/6) D:8
    Orc: D:9-12

Altars:
Gozag
Wu Jian

Shops:
D:4 } D:8

[ ......8#............#
##.##
(......+............####.#
......8#..........[...##.#
......##............#..#.#
....8##............###...#
....####..........## ##..#
8.8## #######.#### #### #'##
#.### ..# #..@# ###
###.##### # #.....#######
##..........# #..........#
#..........# #########
###..)[......#
#.......#######............#
#........>......############


There were no monsters in sight!


Message History

😮 HP[-4]
You take 4 damage, and now have 44/86 hp.
Something hits you but does no damage. 😮 HP[+1]
Something hits you but does no damage. Something hits you!
* * * LOW HITPOINT WARNING * * *
😨 HP[-7]
You take 7 damage, and now have 38/86 hp. 😨 HP[+1]
Something hits you but does no damage. Something hits you but does no damage.
You closely miss something. You bite something.
Something hits you but does no damage.
Something hits you but does no damage. 😨 HP[+1]
Something hits you but does no damage. Something hits you but does no damage.
An ufetubus comes into view.
Something hits you.
* * * LOW HITPOINT WARNING * * *
😨 HP[-3]
You take 3 damage, and now have 37/86 hp.
Something hits you but does no damage.
The ufetubus shouts!
You hit something but do no damage. Something closely misses you.
You block something's attack. Something hits you but does no damage.
Something barely misses you. 😨 HP[+1]
Something hits you but does no damage. Something barely misses you.
You miss the ufetubus. Something hits you but does no damage.
You block the ufetubus's attack. The ufetubus completely misses you.
You slash the ufetubus!
You kill the ufetubus!
The Council accepts your kill.
Something hits you but does no damage. 😨 HP[+1]
Something hits you but does no damage. You block something's attack.
Something hits you but does no damage.
You closely miss something.
Something hits you but does no damage. 😨 HP[+1]
You block something's attack.
You hit something but do no damage. You bite something.
Something hits you but does no damage. Something hits you but does no damage.
Something barely misses you. 😨 HP[+1]
Something hits you.
* * * LOW HITPOINT WARNING * * *
😨 HP[-5]
You take 5 damage, and now have 36/86 hp.
Something hits you but does no damage. You block something's attack.
Something closely misses you. Something hits you.
* * * LOW HITPOINT WARNING * * *
😨 HP[-2]
You take 2 damage, and now have 34/86 hp.
Something hits you but does no damage. Something barely misses you. 😨 HP[+1]
Something closely misses you. Something hits you.
* * * LOW HITPOINT WARNING * * *
😨 HP[-6]
You take 6 damage, and now have 29/86 hp.
Something hits you.
* * * LOW HITPOINT WARNING * * *
😨 HP[-4]
You take 4 damage, and now have 25/86 hp.
Something closely misses you. You block something's attack.
Something hits you but does no damage.
There is a stone staircase leading up here.
Something hits you but does no damage.
You climb upwards.
Reactivating autopickup.
There is a stone staircase leading down here. 😨 HP[+1]
Something hits you but does no damage.
Deactivating autopickup; reactivate with Ctrl-A.
Something closely misses you.
You miss something. Something hits you!
* * * LOW HITPOINT WARNING * * *
Something hits you.
* * * LOW HITPOINT WARNING * * *
😱 HP[-10]
You take 10 damage, and now have 16/86 hp.
You hit something but do no damage. Something hits you but does no damage.
Something hits you!
* * * LOW HITPOINT WARNING * * *
😱 HP[-8]
You take 8 damage, and now have 8/86 hp.
Something hits you but does no damage. You block something's attack.
You hit something.
You feel better. Something hits you but does no damage.
You block something's attack. 😱 HP[+2]
You regained 2 hp, and now have 10/86 hp.
You hit something. You bite something. Something hits you.
* * * LOW HITPOINT WARNING * * *
Something hits you!
You die...

Skill      XL: |  1  2  3  4  5  6  7  8  9 10 11 |
---------------+----------------------------------+-----
Spellcasting   | 5 6 7 8 |  8.1
Invocations    | 1 2 3 4 5 6 |  6.9
Short Blades   | 1 2 3 4 5 6 |  6.3
Axes           | 1 2 3 4 5 6 |  6.3
Maces & Flails | 1 2 3 4 5 6 |  6.3
Polearms       | 1 2 3 4 5 6 |  6.3
Staves         | 1 2 3 4 5 6 |  6.3
Slings         | 1 2 3 4 5 6 |  6.3
Bows           | 1 2 3 4 5 6 |  6.3
Crossbows      | 1 2 3 4 5 6 |  6.3
Stealth        | 1 2 3 4 5 6 |  6.3
Shields        | 1 2 3 4 5 6 |  6.3
Unarmed Combat | 1 2 3 4 5 6 |  6.3
Evocations     | 1 2 3 4 5 6 |  6.3
Conjurations   | 1 2 3 4 5 |  5.2
Hexes          | 1 2 3 4 5 |  5.2
Summonings     | 1 2 3 4 5 |  5.2
Necromancy     | 1 2 3 4 5 |  5.2
Transmutations | 1 2 3 4 5 |  5.2
Fire Magic     | 1 2 3 4 5 |  5.2
Ice Magic      | 1 2 3 4 5 |  5.2
Air Magic      | 1 2 3 4 5 |  5.2
Earth Magic    | 1 2 3 4 5 |  5.2
Poison Magic   | 1 2 3 4 5 |  5.2
Throwing       | 3 4 5 6 |  6.8
Armour         | 3 4 5 6 |  6.8
Fighting       | 5 6 7 |  7.9
Long Blades    | 5 6 7 |  7.9
Dodging        | 5 6 7 |  7.9
Translocations | 6 7 |  7.6

Action                   |  1- 3 |  4- 6 |  7- 9 | 10-12 || total
-------------------------+-------+-------+-------+-------++-------
Melee: Falchion          |    66 |   193 |   367 |       ||   626
       Bite              |     8 |    25 |    74 |   117 ||   224
       Hand axe          |       |       |   115 |   163 ||   278
       Spear             |       |       |    32 |       ||    32
       Flail             |       |       |       |    39 ||    39
       Long sword        |       |       |       |   450 ||   450
 Fire: Hunting sling     |       |       |       |    57 ||    57
Throw: Stone             |     1 |    20 |    16 |       ||    37
       Dart              |       |    29 |    82 |    14 ||   125
 Cast: Blink             |       |       |     2 |     6 ||     8
       Gell's Gravitas   |       |       |       |     8 ||     8
Invok: Lunge             |       |     2 |    22 |    13 ||    37
       Whirlwind         |       |       |     3 |    78 ||    81
 Abil: Wall Jump         |       |       |       |     3 ||     3
Evoke: Wand              |       |       |     1 |     2 ||     3
  Use: Potion            |       |     4 |     5 |     2 ||    11
       Scroll            |       |       |     4 |    11 ||    15
 Stab: Sleeping          |       |     4 |     7 |     7 ||    18
Armor: Leather armour    |    14 |    31 |    33 |   171 ||   249
       Robe              |       |       |    30 |    29 ||    59
Dodge: Dodged            |    78 |   115 |   318 |   500 ||  1011
Block: Buckler           |       |    32 |   124 |   217 ||   373
       Reflection        |       |     1 |     3 |     6 ||    10
       Rpst.: Falchion   |    33 |    41 |    60 |       ||   134
       Long sword        |       |       |       |   101 ||   101

Levels and vault maps discovered:
D:1:      lightli_arrival_statue_moat, layout_basic
D:2:      layout_basic, guppyfry_early_lair_pool
D:3:      layout_loops_cross, nzn_wu_jian_contemplation,
          minmay_misc_feat_secret_circle, kennysheep_cluttered_room,
          dk_noncrumbling_2
D:4:      layout_rooms, serial_shops, nicolae_shop_statue_plus,
          minmay_fountain_box, uniq_blork_the_orc
D:5:      cheibrodos_thug_alley, layout_loops_ring, minmay_temple_entry_ruins,
          grunt_decor_junction
D:6:      layout_gridville, gammafunk_ghost_hive,
          nicolae_gozag_cash_rules_everything_around_me, uniq_maggie,
          uniq_edmund, uniq_eustachio
D:7:      layout_loops_ring, uniq_harold, uniq_joseph, uniq_menkaure, uniq_pikel
D:8:      layout_loops_cross, lair_entry_dummy, serial_shops, shop,
          kennysheep_generic_room_14
D:9:      layout_rooms, minmay_holes, dk_noncrumbling_4, bh_walls_and_bars
D:10:     layout_irregular_city, minivault_24, st_stairs_3

Notes
Turn   | Place    | Note
-------+----------+-------------------------------------------
     0 | D:1      | phalm the Gnoll Warper began the quest for the Orb.
     0 | D:1      | Reached XP level 1. HP: 20/20 MP: 6/6
     0 | D:1      | magus.rc [v1.9.10]
    77 | D:1      | Reached XP level 2. HP: 12/26 MP: 7/7
  1058 | D:2      | Reached skill level 5 in Spellcasting
  1058 | D:2      | Reached XP level 3. HP: 31/31 MP: 7/9
  1086 | D:2      | Learned a level 2 spell: Blink
  1149 | D:2      | Reached skill level 1 in Invocations
  1151 | D:2      | Reached skill level 1 in Short Blades
  1151 | D:2      | Reached skill level 1 in Axes
  1151 | D:2      | Reached skill level 1 in Maces & Flails
  1151 | D:2      | Reached skill level 1 in Polearms
  1151 | D:2      | Reached skill level 1 in Staves
  1151 | D:2      | Reached skill level 1 in Slings
  1151 | D:2      | Reached skill level 1 in Bows
  1151 | D:2      | Reached skill level 1 in Crossbows
  1151 | D:2      | Reached skill level 1 in Stealth
  1151 | D:2      | Reached skill level 1 in Shields
  1151 | D:2      | Reached skill level 1 in Unarmed Combat
  1151 | D:2      | Reached skill level 1 in Evocations
  1391 | D:2      | Reached XP level 4. HP: 35/38 MP: 11/11
  2138 | D:3      | HP: 9/38 [poisoned by an orc]
  2143 | D:3      | HP: 5/38 [poisoned by an orc]
  2149 | D:2      | HP: 3/57 [poisoned by an orc]
  2151 | D:2      | HP: 1/38 [poisoned by an orc]
  2359 | D:3      | Reached skill level 1 in Conjurations
  2359 | D:3      | Reached skill level 1 in Hexes
  2359 | D:3      | Reached skill level 1 in Summonings
  2359 | D:3      | Reached skill level 1 in Necromancy
  2359 | D:3      | Reached skill level 1 in Transmutations
  2359 | D:3      | Reached skill level 1 in Fire Magic
  2359 | D:3      | Reached skill level 1 in Ice Magic
  2359 | D:3      | Reached skill level 1 in Air Magic
  2359 | D:3      | Reached skill level 1 in Earth Magic
  2359 | D:3      | Reached skill level 1 in Poison Magic
  2381 | D:3      | Reached XP level 5. HP: 19/43 MP: 12/12
  2492 | D:3      | Reached skill level 3 in Throwing
  2492 | D:3      | Reached skill level 3 in Armour
  3291 | D:3      | Reached XP level 6. HP: 47/50 MP: 13/13
  3300 | D:3      | Reached skill level 2 in Invocations
  3409 | D:3      | Found an ornate altar of the Wu Jian Council.
  3554 | D:3      | Became a worshipper of the Wu Jian Council
  3838 | D:4      | Reached skill level 5 in Fighting
  3838 | D:4      | Reached skill level 2 in Short Blades
  3838 | D:4      | Reached skill level 5 in Long Blades
  3838 | D:4      | Reached skill level 2 in Axes
  3838 | D:4      | Reached skill level 2 in Maces & Flails
  3838 | D:4      | Reached skill level 2 in Polearms
  3838 | D:4      | Reached skill level 2 in Staves
  3838 | D:4      | Reached skill level 2 in Slings
  3838 | D:4      | Reached skill level 2 in Bows
  3838 | D:4      | Reached skill level 2 in Crossbows
  3838 | D:4      | Reached skill level 5 in Dodging
  3838 | D:4      | Reached skill level 2 in Stealth
  3838 | D:4      | Reached skill level 2 in Shields
  3838 | D:4      | Reached skill level 2 in Unarmed Combat
  3838 | D:4      | Reached skill level 2 in Evocations
  4071 | D:4      | Reached XP level 7. HP: 43/56 MP: 15/15
  4511 | D:4      | Noticed Blork the orc
  4527 | D:4      | Killed Blork the orc
  4528 | D:4      | Reached skill level 2 in Conjurations
  4528 | D:4      | Reached skill level 2 in Hexes
  4528 | D:4      | Reached skill level 2 in Summonings
  4528 | D:4      | Reached skill level 2 in Necromancy
  4528 | D:4      | Reached skill level 2 in Transmutations
  4528 | D:4      | Reached skill level 2 in Fire Magic
  4528 | D:4      | Reached skill level 2 in Ice Magic
  4528 | D:4      | Reached skill level 2 in Air Magic
  4528 | D:4      | Reached skill level 2 in Earth Magic
  4528 | D:4      | Reached skill level 2 in Poison Magic
  4698 | D:4      | Reached skill level 3 in Invocations
  4881 | D:4      | Found Leducegh's Gadget Boutique.
  4932 | D:5      | Entered Level 5 of the Dungeon
  4983 | D:5      | HP: 14/56 [poisoned by a scorpion]
  4984 | D:5      | Reached skill level 6 in Translocations
  4984 | D:5      | Reached XP level 8. HP: 15/63 MP: 16/16
  4988 | D:5      | HP: 11/63 [poisoned by a scorpion]
  4994 | D:4      | HP: 8/63 [poisoned by a scorpion]
  5000 | D:4      | HP: 6/63 [poisoned by a scorpion]
  5006 | D:4      | HP: 5/63 [poisoned by a scorpion]
  5013 | D:4      | HP: 5/63 [poisoned by a scorpion]
  5510 | D:5      | Reached skill level 3 in Short Blades
  5510 | D:5      | Reached skill level 3 in Axes
  5510 | D:5      | Reached skill level 3 in Maces & Flails
  5510 | D:5      | Reached skill level 3 in Polearms
  5510 | D:5      | Reached skill level 3 in Staves
  5510 | D:5      | Reached skill level 3 in Slings
  5510 | D:5      | Reached skill level 3 in Bows
  5510 | D:5      | Reached skill level 3 in Crossbows
  5510 | D:5      | Reached skill level 4 in Throwing
  5510 | D:5      | Reached skill level 4 in Armour
  5510 | D:5      | Reached skill level 3 in Stealth
  5510 | D:5      | Reached skill level 3 in Shields
  5510 | D:5      | Reached skill level 3 in Unarmed Combat
  5510 | D:5      | Reached skill level 3 in Evocations
  5972 | D:5      | Reached skill level 6 in Spellcasting
  6345 | D:5      | Found a staircase to the Ecumenical Temple.
  6444 | D:5      | Got a faintly humming robe
  6457 | D:5      | Identified the cursed +1 robe of Poog {rElec Str+3} (You
                  | found it on level 5 of the Dungeon)
  7053 | D:5      | You pick up a book of Minor Magic and begin reading...
  7053 | D:5      | You add the spells Magic Dart, Call Imp, Slow, Conjure
                  | Flame and Mephitic Cloud to your library.
  7080 | D:5      | Reached skill level 3 in Conjurations
  7080 | D:5      | Reached skill level 3 in Hexes
  7080 | D:5      | Reached skill level 3 in Summonings
  7080 | D:5      | Reached skill level 3 in Necromancy
  7080 | D:5      | Reached skill level 3 in Transmutations
  7080 | D:5      | Reached skill level 3 in Fire Magic
  7080 | D:5      | Reached skill level 3 in Ice Magic
  7080 | D:5      | Reached skill level 3 in Air Magic
  7080 | D:5      | Reached skill level 3 in Earth Magic
  7080 | D:5      | Reached skill level 3 in Poison Magic
  7080 | D:5      | Reached skill level 4 in Invocations
  7084 | D:5      | Learned a level 3 spell: Gell's Gravitas
  7219 | D:5      | Reached * piety under Wu Jian
  7395 | D:6      | Noticed Maggie
  7414 | D:6      | Killed Maggie
  7415 | D:6      | Reached skill level 6 in Fighting
  7415 | D:6      | Reached skill level 6 in Long Blades
  7415 | D:6      | Reached skill level 6 in Dodging
  7415 | D:6      | Reached XP level 9. HP: 32/69 MP: 18/18
  7570 | D:6      | Noticed Edmund
  7633 | D:6      | Killed Edmund
  7634 | D:6      | Reached skill level 4 in Short Blades
  7634 | D:6      | Reached skill level 4 in Axes
  7634 | D:6      | Reached skill level 4 in Maces & Flails
  7634 | D:6      | Reached skill level 4 in Polearms
  7634 | D:6      | Reached skill level 4 in Staves
  7634 | D:6      | Reached skill level 4 in Slings
  7634 | D:6      | Reached skill level 4 in Bows
  7634 | D:6      | Reached skill level 4 in Crossbows
  7634 | D:6      | Reached skill level 4 in Stealth
  7634 | D:6      | Reached skill level 4 in Shields
  7634 | D:6      | Reached skill level 4 in Unarmed Combat
  7634 | D:6      | Reached skill level 4 in Evocations
  8025 | D:6      | Reached skill level 5 in Throwing
  8025 | D:6      | Reached skill level 5 in Armour
  8347 | D:6      | Found an opulent altar of Gozag.
  8525 | D:6      | Noticed Eustachio
  8546 | D:6      | Killed Eustachio
  8721 | D:6      | Noticed Tirrikindir's ghost (novice OpFi)
  8763 | D:6      | Found a transporter.
  8767 | D:6      | Found a transporter.
  8823 | D:6      | HP: 13/71 [Tirrikindir's ghost (7)]
  8825 | D:6      | HP: 5/71 [killer bee (8)]
  8830 | D:6      | HP: 15/71 [killer bee (1)]
  8836 | D:6      | HP: 8/71 [killer bee (4)]
  8844 | D:6      | Reached ** piety under Wu Jian
  8845 | D:6      | Reached skill level 5 in Invocations
  8856 | D:6      | HP: 17/71 [killer bee (6)]
  8862 | D:6      | HP: 14/71 [poisoned by a killer bee]
  8868 | D:6      | HP: 14/71 [poisoned by a killer bee]
  8876 | D:6      | HP: 13/71 [poisoned by a killer bee]
  9263 | D:7      | Noticed Menkaure
  9271 | D:7      | Killed Menkaure
  9326 | D:7      | Reached skill level 7 in Spellcasting
  9418 | D:7      | Reached skill level 4 in Conjurations
  9418 | D:7      | Reached skill level 4 in Hexes
  9418 | D:7      | Reached skill level 4 in Summonings
  9418 | D:7      | Reached skill level 4 in Necromancy
  9418 | D:7      | Reached skill level 4 in Transmutations
  9418 | D:7      | Reached skill level 4 in Fire Magic
  9418 | D:7      | Reached skill level 4 in Ice Magic
  9418 | D:7      | Reached skill level 4 in Air Magic
  9418 | D:7      | Reached skill level 4 in Earth Magic
  9418 | D:7      | Reached skill level 4 in Poison Magic
  9418 | D:7      | Reached XP level 10. HP: 61/77 MP: 20/20
  9695 | D:6      | HP: 15/77 [killer bee (6)]
  9707 | D:6      | HP: 13/77 [killer bee (10)]
  9715 | D:6      | HP: 18/77 [Tirrikindir's ghost (5)]
  9718 | D:6      | HP: 5/77 [Tirrikindir's ghost (14)]
  9719 | D:6      | Killed Tirrikindir's ghost
  9720 | D:6      | Reached skill level 5 in Short Blades
  9720 | D:6      | Reached skill level 5 in Axes
  9720 | D:6      | Reached skill level 5 in Maces & Flails
  9720 | D:6      | Reached skill level 5 in Polearms
  9720 | D:6      | Reached skill level 5 in Staves
  9720 | D:6      | Reached skill level 5 in Slings
  9720 | D:6      | Reached skill level 5 in Bows
  9720 | D:6      | Reached skill level 5 in Crossbows
  9720 | D:6      | Reached skill level 5 in Stealth
  9720 | D:6      | Reached skill level 5 in Shields
  9720 | D:6      | Reached skill level 5 in Unarmed Combat
  9720 | D:6      | Reached skill level 5 in Evocations
  9723 | D:6      | Reached skill level 7 in Translocations
 10147 | D:7      | Noticed Joseph
 10172 | D:7      | Killed Joseph
 10173 | D:7      | Reached skill level 7 in Fighting
 10173 | D:7      | Reached skill level 7 in Long Blades
 10173 | D:7      | Reached skill level 7 in Dodging
 10536 | D:7      | Noticed Harold
 10566 | D:7      | HP: 11/79 [Harold/+0 short sword (19)]
 10585 | D:7      | Killed Harold
 10586 | D:7      | Reached skill level 6 in Throwing
 10586 | D:7      | Reached skill level 6 in Armour
 10586 | D:7      | Reached skill level 6 in Invocations
 11035 | D:7      | Noticed Pikel
 11061 | D:7      | Killed Pikel
 11329 | D:8      | Found Hathrub's Armour Boutique.
 11440 | D:8      | Reached *** piety under Wu Jian
 11672 | D:8      | Bought the +4 Cigotuvi's embrace {rMiasma *Drain rN+} for
                  | 276 gold pieces
 11672 | D:8      | Found the +4 Cigotuvi's embrace {rMiasma *Drain rN+}
 11749 | D:8      | Reached XP level 11. HP: 80/84 MP: 22/22
 12231 | D:8      | Found a staircase to the Lair.
 12498 | D:9      | Reached skill level 6 in Short Blades
 12498 | D:9      | Reached skill level 6 in Axes
 12498 | D:9      | Reached skill level 6 in Maces & Flails
 12498 | D:9      | Reached skill level 6 in Polearms
 12498 | D:9      | Reached skill level 6 in Staves
 12498 | D:9      | Reached skill level 6 in Slings
 12498 | D:9      | Reached skill level 6 in Bows
 12498 | D:9      | Reached skill level 6 in Crossbows
 12498 | D:9      | Reached skill level 6 in Stealth
 12498 | D:9      | Reached skill level 6 in Shields
 12498 | D:9      | Reached skill level 6 in Unarmed Combat
 12498 | D:9      | Reached skill level 6 in Evocations
 12605 | D:9      | Learned a level 3 spell: Mephitic Cloud
 12610 | D:9      | Learned a level 4 spell: Passage of Golubria
 12807 | D:9      | Reached skill level 5 in Conjurations
 12807 | D:9      | Reached skill level 5 in Hexes
 12807 | D:9      | Reached skill level 5 in Summonings
 12807 | D:9      | Reached skill level 5 in Necromancy
 12807 | D:9      | Reached skill level 5 in Transmutations
 12807 | D:9      | Reached skill level 5 in Fire Magic
 12807 | D:9      | Reached skill level 5 in Ice Magic
 12807 | D:9      | Reached skill level 5 in Air Magic
 12807 | D:9      | Reached skill level 5 in Earth Magic
 12807 | D:9      | Reached skill level 5 in Poison Magic
 12814 | D:9      | Reached **** piety under Wu Jian
 13151 | D:10     | Entered Level 10 of the Dungeon
 13175 | D:10     | Reached skill level 8 in Spellcasting
 14470 | D:9      | HP: 19/86 [something (7)]
 14471 | D:9      | HP: 8/86 [something (9)]
 14476 | D:9      | Slain by an unseen horror

Vanquished Creatures
  Harold (D:7)
  The ghost of Tirrikindir the Basher, a novice OpFi of Gozag (D:6)
  Pikel (D:7)
  Joseph (D:7)
  Maggie (D:6)
  6 yaks (D:10)
  Eustachio (D:6)
  Menkaure (D:7)
  Edmund (D:6)
  A water moccasin (D:9)
  A phantom (D:5)
  5 orc warriors
  An ice beast (D:9)
  A black bear (D:7)
  An eye of draining (D:9)
  3 necrophages
  3 sky beasts
  4 centaurs
  6 ogres
  4 big kobolds
  3 bullfrogs
  Blork the orc (D:4)
  A wyvern skeleton (D:7)
  6 scorpions
  8 killer bees (D:6)
  10 wights
  2 howler monkeys
  2 centaur zombies
  2 bullfrog zombies
  8 orc priests
  A centaur skeleton (D:8)
  3 bullfrog skeletons
  10 hounds
  3 jellies
  13 orc wizards
  3 iguanas
  2 worker ants
  A hound zombie (D:8)
  A worker ant zombie (D:7)
  8 gnolls
  11 adders
  A howler monkey skeleton (D:10)
  A shadow imp (D:4)
  2 white imps
  2 ufetubi
  An ooze (D:3)
  2 adder skeletons
  An adder zombie (D:8)
  4 worms
  3 dart slugs
  3 leopard geckos
  47 orcs
  A ball python (D:3)
  6 bats
  5 giant cockroaches
  5 goblins
  12 hobgoblins
  11 jackals
  3 quokkas
  3 frilled lizards
  A jackal skeleton (D:4)
  29 kobolds
  A quokka zombie (D:5)
  5 rats
292 creatures vanquished.

Table legend:
 A = Non-vault XP
 B = Vault XP
 C = Vault XP percentage of total XP
 D = Non-vault monster count
 E = Vault monster count
 F = Vault count percentage of total count
                 A         B        C        D         E       F
            +---------+---------+-------+---------+---------+-------
      Total |    8420 |    4780 |  36.2 |     260 |      32 |  11.0
            +---------+---------+-------+---------+---------+-------
        D:1 |      33 |       0 |   0.0 |      20 |       0 |   0.0
        D:2 |      63 |       0 |   0.0 |      12 |       0 |   0.0
        D:3 |     313 |       0 |   0.0 |      44 |       0 |   0.0
        D:4 |     580 |      94 |  13.9 |      16 |       1 |   5.9
        D:5 |     960 |     215 |  18.3 |      29 |      12 |  29.3
        D:6 |     681 |    1903 |  73.6 |      26 |      12 |  31.6
        D:7 |     948 |    2253 |  70.4 |      23 |       4 |  14.8
        D:8 |    1583 |       0 |   0.0 |      48 |       0 |   0.0
        D:9 |     956 |       0 |   0.0 |      18 |       0 |   0.0
       D:10 |    2303 |     315 |  12.0 |      24 |       3 |  11.1
            +---------+---------+-------+---------+---------+-------

Illustrated notes

Table legend:
 A = Kills in this place as a percentage of kills in entire the game.
 B = Kills by you in this place as a percentage of kills by you in the entire game.
 C = Kills by friends in this place as a percentage of kills by friends in the entire game.
 D = Other kills in this place as a percentage of other kills in the entire game.
 E = Experience gained in this place as a percentage of experience gained in the entire game.
 F = Experience gained in this place divided by the number of levels of this place that you have seen.
                   A       B       C       D       E      F
               +-------+-------+-------+-------+-------+----------------------
         Total | 100.0 | 100.0 |   N/A |   N/A | 100.0 | 1320.0
       Dungeon | 100.0 | 100.0 |   N/A |   N/A | 100.0 | 1320.0
               +-------+-------+-------+-------+-------+----------------------

Table legend: (Time is in decaauts)
 A = Elapsed time spent in this place.
 B = Non-inter-level travel time spent in this place.
 C = Inter-level travel time spent in this place.
 D = Time resting spent in this place.
 E = Time spent auto-exploring this place.
 F = Levels seen in this place.
 G = Mean time per level.
                   A        B        C        D        E       F      G
               +--------+--------+--------+--------+--------+-----+--------+
         Total |  14518 |  13899 |    619 |    257 |  10759 |  10 | 1451.8 |
       Dungeon |  14518 |  13899 |    619 |    257 |  10759 |  10 | 1451.8 |
               +--------+--------+--------+--------+--------+-----+--------+

Top non-repeatable levels by time:
     D:6: 2321 daAuts
     D:5: 2158 daAuts
     D:3: 2101 daAuts
     D:7: 1562 daAuts
    D:10: 1319 daAuts
     D:4: 1228 daAuts
     D:1: 1051 daAuts
     D:8: 984 daAuts
     D:2: 906 daAuts
     D:9: 885 daAuts
